 Dungeon Crawl Stone Soup version 0.23-a0-183-gf37f6fb (webtiles) character file.

5045 kibaces the Frost Mage (level 10, -1/88 HPs)
             Began as a Centaur Transmuter on Mar 12, 2018.
             Was a Priest of Wu Jian.
             Slain by an unseen horror (7 damage)
             ... on level 9 of the Dungeon on Sept 21, 2018.
             The game lasted 01:31:13 (16187 turns).

kibaces the Frost Mage (Centaur Transmuter)        Turns: 16187, Time: 01:31:14

Health: -1/88      AC:  7    Str: 12    XL:     10   Next: 30%
Magic:  19/19      EV: 10    Int: 15    God:    Wu Jian [***...]
Gold:   111        SH:  0    Dex: 11    Spells: 11/21 levels left

rFire    x . .     SeeInvis .     - Unarmed
rCold    + + +     Gourm    .   (shield currently unavailable)
rNeg     . . .     Faith    .   (armour currently unavailable)
rPois    +         Spirit   .   (helmet currently unavailable)
rElec    .         Reflect  .   (cloak currently unavailable)
rCorr    .         Harm     .   (gloves currently unavailable)
MR       .....                  (no barding)
Stlth    +.........             k - amulet of magic regeneration
HPRegen  0.24/turn              e - ring of poison resistance
MPRegen  0.41/turn              p - +6 ring of slaying

@: ice-form, very slightly contaminated
A: large
a: End Transformation, Wall Jump, Serpent's Lash, Renounce Religion


You were on level 9 of the Dungeon.
You worshipped Wu Jian.
Wu Jian was most pleased with you.
You were not hungry.
You were a creature of crystalline ice.
You visited 2 branches of the dungeon, and saw 11 of its levels.

You collected 413 gold pieces.
You spent 302 gold pieces at shops.

Inventory:

Missiles
 a - 71 arrows
 s - 5 needles of confusion
 B - 4 tomahawks of returning (quivered)
 C - 4 javelins
Armour
 b - a +1 robe
 c - a +0 helmet
 o - a +2 pair of gloves (melded)
 t - a +2 robe of the Archmagi (melded)
Jewellery
 e - a ring of poison resistance (left front paw)
 f - an uncursed ring of resist corrosion
 h - an uncursed ring of flight
 k - an amulet of magic regeneration (around neck)
 p - a +6 ring of slaying (right front paw)
Wands
 D - a wand of paralysis (8)
 E - a wand of random effects (36)
 F - a wand of polymorph (17)
 G - a wand of flame (20)
Scrolls
 i - 9 scrolls of remove curse
 j - 2 scrolls of magic mapping {unknown}
 l - 3 scrolls of amnesia {unknown}
 m - 2 scrolls of teleportation {unknown}
 n - a scroll of random uselessness {unknown}
 q - a scroll of immolation
 r - 2 scrolls of enchant armour
 v - 3 scrolls of fog {unknown}
 w - a scroll of fear
 x - a scroll of enchant weapon {unknown}
 y - a scroll of identify
Potions
 g - 2 potions of curing
 u - a potion of flight
 z - 3 potions of brilliance
 H - 2 potions of heal wounds
 J - a potion of magic
Comestibles
 d - 3 rations
 I - 6 chunks of flesh


   Skills:
 + Level 2.3 Fighting
 + Level 3.0 Dodging
 + Level 4.9 Unarmed Combat
 + Level 6.1 Spellcasting
 + Level 6.8 Transmutations
 * Level 8.5 Ice Magic


You had 11 spell levels left.
You knew the following spells:

 Your Spells              Type           Power        Failure   Level  Hunger
a - Beastly Appendage     Tmut           ####..       1%          1    None
b - Sticks to Snakes      Tmut           ####....     1%          2    #......
c - Spider Form           Tmut/Pois      ##........   11%         3    ##.....
d - Ice Form              Ice/Tmut       ####....     6%          4    ####...

Your spell library contained the following spells:

 Spells                   Type           Power        Failure   Level  Hunger
 Confusing Touch          Hex            #.....       14%         1    None
 Sting                    Conj/Pois      #...         14%         1    None
 Summon Butterflies       Summ           #.......     14%         1    None
 Poisonous Vapours        Pois/Air       #.....       22%         2    #......
 Blade Hands              Tmut           ####......   24%         5    ######.
 Summon Ice Beast         Ice/Summ       ###.....     26%         4    ####...
 Petrify                  Tmut/Erth      ##......     34%         4    ####...
 Call Canine Familiar     Summ           #.......     41%         3    ##.....
 Confuse                  Hex            #.......     41%         3    ##.....
 Gell's Gravitas          Tloc           #.........   41%         3    ##.....
 Mephitic Cloud           Conj/Pois/Air  #.......     41%         3    ##.....
 Metabolic Englaciation   Hex/Ice        ###.......   56%         5    ######.
 Yara's Violent Unravell  Hex/Tmut       ##........   69%         5    ######.
 Olgreb's Toxic Radiance  Pois           #.......     82%         4    ####...
 Summon Mana Viper        Hex/Summ       #.......     99%         5    ######.
 Venom Bolt               Conj/Pois      #.........   99%         5    ######.
 Summon Hydra             Summ           #.........   100%        7    #######


Dungeon Overview and Level Annotations

Branches:
Dungeon (10/15)            Temple (1/1) D:4
   Lair: D:8-11         Orc: D:9-12

Altars:
Ashenzari
Cheibriados
Dithmenos
Elyvilon
Fedhas
Gozag
Hepliaklqana
Makhleb
Nemelex Xobeh
Qazlal
Ru
Sif Muna
Trog
Uskayaw
Vehumet
Wu Jian
Xom
Yredelemnul
Zin
The Shining One

Shops:
D:9 [**

Annotations:
D:4 exclusion: 2 downstairs
D:8 Gastronok


Innate Abilities, Weirdness & Mutations

((You have hooves in place of feet.))
((Armour fits poorly on your strangely shaped body.))
((You cover ground very quickly.))
((You have extremely tough skin. (AC +3)))


Message History

* * * LOW HITPOINT WARNING * * *
There is a stone staircase leading up, spattered with blood here.
The orc completely misses you. The yak gores you.
* * * LOW HITPOINT WARNING * * *
You climb upwards.
Something hits you but does no damage.
There is a stone staircase leading down here.
Unknown command.
Blink to where?
Press: ? - help, Dir - move target cursor You are very lightly contaminated with residual magic.
As you read the scroll of blinking, it crumbles to dust.
Something hits you!
* * * LOW HITPOINT WARNING * * *
Something hits you.
* * * LOW HITPOINT WARNING * * *
Blink to where?
Press: ? - help, Dir - move target cursor
As you read the scroll of blinking, it crumbles to dust.
Something hits you!
You die...

#.# #............##.# #.#
##.###.######.....##.# #.#
#...##.# ##.#..##.######.#
#.(....# #.#............#
#...#### #.#.....########
##### #.####### #.# #.# #Y#
##.######## #########
#.........#
....Y...#######..######.######
.######......................#
.# ####..###{##...#####.####.#
.# #..Y......#.....####.# #.#
.###.##..######.........# #.#
...[>....# #(.######## #.#


There were no monsters in sight!

Vanquished Creatures
  A two-headed ogre (D:9)
  A troll (D:9)
  A hippogriff (D:8)
  4 yaks (D:9)
  A hungry ghost (D:6)
  2 water moccasins
  3 orc warriors
  3 sky beasts
  A black bear (D:9)
  2 phantoms
  A necrophage (D:7)
  An ogre (D:8)
  4 centaurs
  A bullfrog (D:7)
  2 scorpions
  8 wights
  3 crimson imps
  A bullfrog zombie (D:10)
  6 hounds
  4 jellies
  An orc priest (D:5)
  A bullfrog skeleton (D:5)
  2 iguanas
  Jessica (D:3)
  4 orc wizards
  8 worker ants
  3 hound skeletons
  2 worker ant zombies
  4 gnolls (D:7)
  8 adders
  5 river rats (D:5)
  A shadow imp (D:7)
  An ooze (D:7)
  3 adder skeletons
  2 adder zombies
  2 worms
  A leopard gecko (D:1)
  22 orcs
  A ball python (D:3)
  4 giant cockroaches
  5 goblins
  7 hobgoblins
  16 jackals
  10 kobolds
  15 quokkas
  11 bats
  8 frilled lizards
  A jackal skeleton (D:5)
  A leopard gecko skeleton (D:5)
  2 quokka zombies
  21 rats
223 creatures vanquished.

Vanquished Creatures (collateral kills)
  An orc warrior (D:7)
  An ogre (D:7)
  A centaur (D:5)
  Blork the orc (D:5)
  An orc priest (D:7)
  An orc wizard (D:7)
  A hound zombie (D:6)
  An adder (D:2)
  A river rat (D:5)
  2 orcs
  A jackal (D:7)
  A frilled lizard (D:5)
13 creatures vanquished.

Grand Total: 236 creatures vanquished

Notes
Turn   | Place    | Note
-------+----------+-------------------------------------------
     0 | D:1      | kibaces the Centaur Transmuter began the quest for the Orb.
     0 | D:1      | Reached XP level 1. HP: 16/16 MP: 3/3
    13 | D:1      | Noticed a hound
    13 | D:1      | Noticed a lindwurm
    13 | D:1      | Noticed a polar bear
    14 | D:1      | Noticed an iguana
    66 | D:1      | Upgraded the game from 0.22-a0-271-gc000056 to
                  | 0.22-a0-305-gd21a89c
   275 | D:1      | Reached XP level 2. HP: 9/23 MP: 2/4
   538 | D:1      | Learned a level 2 spell: Sticks to Snakes
   788 | D:2      | Noticed a sky beast
  1531 | D:2      | Reached XP level 3. HP: 28/28 MP: 3/5
  1564 | D:2      | Found a deep blue altar of Sif Muna.
  1872 | D:2      | Learned a level 3 spell: Spider Form
  2484 | D:3      | Reached XP level 4. HP: 29/35 MP: 4/7
  2948 | D:3      | Noticed Jessica
  2963 | D:3      | Killed Jessica
  3673 | D:3      | Reached XP level 5. HP: 37/40 MP: 4/8
  3772 | D:3      | Found a faded altar of an unknown god.
  4938 | D:4      | Learned a level 4 spell: Ice Form
  5448 | D:4      | Found a staircase to the Ecumenical Temple.
  5450 | D:4      | Noticed a sky beast
  5477 | D:4      | Killed a sky beast
  5477 | D:4      | Reached XP level 6. HP: 16/47 MP: 8/10
  5480 | Temple   | Entered the Ecumenical Temple
  5719 | Temple   | Became a worshipper of the Wu Jian Council
  6002 | D:5      | Entered Level 5 of the Dungeon
  6032 | D:5      | Noticed a water moccasin
  6045 | D:5      | Killed a water moccasin
  6058 | D:5      | Noticed Blork the orc
  6075 | D:4      | HP: 2/47 [poisoned by a water moccasin]
  6743 | D:5      | Reached XP level 7. HP: 44/52 MP: 10/12
  6855 | D:5      | Reached skill level 1 in Ice Magic
  7130 | D:5      | Reached * piety under Wu Jian
  7149 | D:5      | Reached skill level 2 in Ice Magic
  7853 | D:5      | Reached skill level 3 in Ice Magic
  8132 | D:5      | Found a stormy altar of Qazlal.
  8339 | D:5      | Killed Blork the orc
  8389 | D:6      | Reached XP level 8. HP: 47/59 MP: 9/14
  8863 | D:6      | Reached skill level 4 in Ice Magic
  9230 | D:6      | Reached ** piety under Wu Jian
  9238 | D:6      | Reached skill level 5 in Ice Magic
  9616 | D:6      | Reached skill level 5 in Transmutations
 10843 | D:7      | Reached skill level 5 in Spellcasting
 10843 | D:7      | Reached XP level 9. HP: 65/66 MP: 9/16
 11165 | D:7      | Reached skill level 6 in Ice Magic
 11365 | D:7      | HP: 3/66 [orc warrior/halberd (20)]
 12160 | D:8      | Noticed a two-headed ogre
 12292 | D:8      | Noticed Gastronok
 12440 | D:8      | Reached skill level 7 in Ice Magic
 12899 | D:9      | Found a shadowy altar of Dithmenos.
 12904 | D:9      | Found a bloodstained altar of Trog.
 12983 | D:9      | Found Riove's Antique Armour Shop.
 13248 | D:9      | Noticed a two-headed ogre
 13269 | D:9      | Killed a two-headed ogre
 13396 | D:9      | Noticed a troll
 13404 | D:9      | Killed a troll
 13404 | D:9      | Reached skill level 8 in Ice Magic
 13404 | D:9      | Reached XP level 10. HP: 55/72 MP: 13/18
 13605 | D:9      | Found Gyro Dac's General Store.
 13608 | D:9      | Bought a scroll of identify for 34 gold pieces
 13608 | D:9      | Bought a scroll of blinking for 127 gold pieces
 13640 | D:9      | Found Hegel's Assorted Antiques.
 13645 | D:9      | Bought a potion of heal wounds for 120 gold pieces
 13645 | D:9      | Bought a smoky golden potion for 21 gold pieces
 14143 | D:10     | Entered Level 10 of the Dungeon
 14170 | D:10     | Reached *** piety under Wu Jian
 16187 | D:9      | Slain by an unseen horror

Vault maps used:
D:1:      onia_arrival_zoo_common
D:2:      lemuel_blue_sif_altar
D:3:      chequers_ecumenical_altar_twisty, uniq_jessica
D:4:      minmay_temple_entry_glass, first_ration, hangedman_decor_opposing
D:5:      lemuel_ratsnest, nicolae_qazlal_eye_of_the_storm, uniq_blork_the_orc
D:6:      kb_rosetta
D:7:      kennysheep_generic_room_15
D:8:      minmay_misc_feat_five, uniq_gastronok, uniq_erica
D:9:      amethyst_overflow_temple_binary, serial_shops, shop, kennysheep_mini,
          shop
D:10:     orc_0_dummy, grunt_tengu_nest
Temple:   compressed_dpeg_circular_temple

Skill      XL: |  1  2  3  4  5  6  7  8  9 10 |
---------------+-------------------------------+-----
Transmutations | 2 3 4 5 6 |  6.8
Spellcasting   | 2 3 4 5 6 |  6.1
Dodging        | 2 3 |  3.0
Unarmed Combat | 4 |  4.9
Ice Magic      | 3 5 8 |  8.5
Fighting       | 2 |  2.3

Action                   |  1- 3 |  4- 6 |  7- 9 | 10-12 || total
-------------------------+-------+-------+-------+-------++-------
Melee: Unarmed           |   151 |   214 |   461 |   115 ||   941
       Kick              |    23 |    37 |    90 |    12 ||   162
       Headbutt          |    12 |    15 |    51 |     7 ||    85
       Punch             |       |     4 |     5 |       ||     9
Throw: Stone             |     5 |     1 |       |       ||     6
 Cast: Beastly Appendage |    30 |    33 |    47 |     6 ||   116
       Sticks to Snakes  |     5 |     6 |    37 |     5 ||    53
       Ice Form          |       |       |     3 |     6 ||     9
       Spider Form       |       |       |     1 |     1 ||     2
Invok: Lunge             |       |       |    24 |     6 ||    30
       Whirlwind         |       |       |    13 |     4 ||    17
       Wall Jump         |       |       |    15 |     4 ||    19
Evoke: Wand              |       |       |       |     1 ||     1
  Use: Scroll            |       |     5 |       |     7 ||    12
       Potion            |       |     1 |     1 |       ||     2
 Stab: Distracted        |       |       |     2 |       ||     2
  Eat: Chunk             |     5 |     7 |     8 |     4 ||    24
       Ration            |       |     2 |     7 |     2 ||    11
Armor: Robe              |    67 |    90 |   172 |    23 ||   352
       Skin              |       |       |     4 |     4 ||     8
Dodge: Dodged            |   114 |   114 |   204 |    63 ||   495

Table legend:
 A = Non-vault XP
 B = Vault XP
 C = Vault XP percentage of total XP
 D = Non-vault monster count
 E = Vault monster count
 F = Vault count percentage of total count
                 A         B        C        D         E       F
            +---------+---------+-------+---------+---------+-------
      Total |    6314 |     894 |  12.4 |     195 |      41 |  17.4
            +---------+---------+-------+---------+---------+-------
        D:1 |      39 |       0 |   0.0 |      25 |       0 |   0.0
        D:2 |      65 |       0 |   0.0 |      22 |       0 |   0.0
        D:3 |      87 |      31 |  26.3 |      22 |       1 |   4.3
        D:4 |     355 |       1 |   0.3 |      12 |       1 |   7.7
        D:5 |     523 |     404 |  43.6 |      22 |      34 |  60.7
        D:6 |     525 |     440 |  45.6 |      19 |       4 |  17.4
        D:7 |     596 |      18 |   2.9 |      20 |       1 |   4.8
        D:8 |    1131 |       0 |   0.0 |      18 |       0 |   0.0
        D:9 |    2788 |       0 |   0.0 |      25 |       0 |   0.0
       D:10 |     205 |       0 |   0.0 |      10 |       0 |   0.0
            +---------+---------+-------+---------+---------+-------
